 Dungeon Crawl Stone Soup version 0.28.0-53-g5a82cb258f (webtiles) character file.

Game seed: 13060084930842319492

2779 jiml777 the Magician (level 9, -5/53 HPs)
             Began as a Gargoyle Air Elementalist on June 14, 2022.
             Was a Priest of Qazlal.
             Slain by a kobold brigand
             ... wielding a +0 war axe
              (7 damage)
             ... in a bailey.
             The game lasted 00:35:23 (7810 turns).

jiml777 the Magician (Gargoyle Air Elementalist)    Turns: 7810, Time: 00:35:24

Health: -5/53      AC:  9    Str: 16    XL:     9   Next: 70%
Magic:  14/16      EV: 12    Int: 20    God:    Qazlal [***...]
Gold:   208        SH:  4    Dex: 10    Spells: 8/18 levels left

rFire   . . .      SeeInvis .   v - +6 short sword "Moawn" {drain, Str+4}
rCold   . . .      Faith    .   (no shield)
rNeg    + . .      Spirit   .   a - +1 robe
rPois   ∞          Reflect  .   (no helmet)
rElec   +          Harm     .   (no cloak)
rCorr   .          Rampage  .   (no gloves)
Will    .....                   (no boots)
Stlth   +.........              o - amulet of the acrobat
HPRegen 0.17/turn               (no ring)
MPRegen 0.15/turn               (no ring)

@: no status effects
A: sickness immunity, AC +6, negative energy resistance 1, electricity
resistance, torment resistance 1, petrification resistance
a: Renounce Religion, Upheaval, Elemental Force


You were in a bailey.
You worshipped Qazlal.
Qazlal was most pleased with you.
You visited 1 branch of the dungeon, and saw 7 of its levels.
You also visited: Bailey.

You collected 303 gold pieces.
You spent 95 gold pieces at shops.

Inventory:

Hand Weapons
 b - a +0 long sword
 j - a +0 short sword
 p - a +2 whip of flaming
 u - a +2 great sword of protection
 v - the +6 short sword "Moawn" (weapon) {drain, Str+4}
   (You found it on level 5 of the Dungeon)

   A truly terrible weapon, it drains the life of any living foe it strikes.
   Str:       It affects your strength (+4).
 x - a +2 vorpal hand axe
Missiles
 c - 173 arrows
 d - 196 stones
 e - 36 sling bullets
 f - 12 curare-tipped darts
 z - 13 poisoned darts
Armour
 a - a +1 robe (worn)
 k - the +1 pair of gloves "Keap Vym" {MP-9 Str+5}
   (You bought it in a shop on level 4 of the Dungeon)

   Str:       It affects your strength (+5).
   MP:        It affects your magic capacity (-9).
 t - the +1 robe "Ciarch" {rC- Str+5}
   (You found it on level 6 of the Dungeon)

   Str:       It affects your strength (+5).
   rC:        It makes you vulnerable to cold.
Magical Staves
 h - a staff of earth
Jewellery
 o - an amulet of the acrobat (around neck)
Wands
 g - a wand of mindburst (19)
 y - a wand of polymorph (10)
Scrolls
 l - 2 scrolls of fog
 q - a scroll of fear
 s - a scroll of magic mapping
Potions
 m - a potion of flight
 r - a potion of resistance {unknown}
 w - 3 potions of haste


   Skills:
 * Level 4.9 Fighting
 + Level 3.0(3.3) Short Blades
 + Level 1.6(2.6) Long Blades
 + Level 1.8 Maces & Flails
 - Level 4.5 Armour
 - Level 3.3 Dodging
 - Level 2.4 Stealth
 + Level 1.5 Shields
 * Level 5.1 Spellcasting
 * Level 3.6 Conjurations
 * Level 4.7 Air Magic
 * Level 5.1 Invocations


You had 8 spell levels left.
You knew the following spells:

 Your Spells              Type           Power      Damage    Failure   Level
a - Shock                 Conj/Air       88%        1d8       1%          1
b - Airstrike             Air            12%        N/A       16%         4
c - Lightning Bolt        Conj/Air       11%        1d24      50%         5

Your spell library contained the following spells:

 Spells                   Type           Power      Damage    Failure   Level
 Static Discharge         Conj/Air       22%        N/A       3%          2
 Swiftness                Air            24%        N/A       4%          3
 Call Canine Familiar     Summ           5%         N/A       34%         3
 Frozen Ramparts          Ice            10%        1d3       34%         3
 Portal Projectile        Hex/Tloc       10%        N/A       34%         3
 Ice Form                 Ice/Tmut       5%         N/A       75%         4
 Leda's Liquefaction      Hex/Erth       2%         N/A       75%         4
 Petrify                  Tmut/Erth      5%         N/A       75%         4
 Summon Ice Beast         Ice/Summ       5%         N/A       75%         4
 Irradiate                Conj/Tmut      6%         3d15      83%         5
 Maxwell's Capacitive Co  Air            12%        ∞         100%        8
 Sublimation of Blood     Necr           Unusable   N/A       N/A         2

Dungeon Overview and Level Annotations

Branches:
Dungeon (7/15)             Temple (0/1) D:6          Bailey (1/1)

Altars:
Ashenzari
Dithmenos
Okawaru
Qazlal
Sif Muna
Vehumet
The Shining One

Shops:
D:4 *

Annotations:
D:6 2 transporters, Brotato's ghost, novice GnFi


Innate Abilities, Weirdness & Mutations

You are immune to sickness and miasma.
Your stone body is resilient. (AC +6)
You are immune to poison.
You resist negative energy. (rN+)
You are resistant to electric shocks. (rElec)
You are resistant to unholy torment.
You are immune to petrification.


Message History

The kobold brigand throws a poisoned dart.
The poisoned dart misses you.
Unknown command.
The kobold brigand barely misses you.
Things that are here:
a +0 war axe; 4 poisoned darts; a kobold corpse You closely miss the kobold brigand.
Your punch misses the kobold brigand.
The kobold brigand is lightly wounded.
The kobold brigand hits you but does no damage.
You hit the kobold brigand.
The kobold brigand is moderately wounded.
The kobold brigand hits you with a +0 war axe!
* * * LOW HITPOINT WARNING * * *
You miss the kobold brigand.
The kobold brigand is moderately wounded.
The kobold brigand hits you but does no damage.
As you read the scroll of fear, it crumbles to dust.
You assume a fearsome visage.
The kobold brigand looks frightened!
Casting: Shock (safe; 1% risk of failure)
Confirm with . or Enter, or press ? or * to list all spells.
Aiming: Shock (safe; 1% risk of failure)
Press: ? - help, Shift-Dir - straight line, f - kobold brigand
Aim: a kobold brigand, wielding a +0 war axe and quivering poisoned darts (moderately wounded, fleeing, 67% to hit)
The zap hits the kobold brigand.
The kobold brigand is moderately wounded.
Your attack snaps the kobold brigand out of its fear.
Casting: Shock (safe; 1% risk of failure)
Confirm with . or Enter, or press ? or * to list all spells.
Aiming: Shock (safe; 1% risk of failure)
Press: ? - help, Shift-Dir - straight line, f/p - kobold brigand
Aim: a kobold brigand, wielding a +0 war axe and quivering poisoned darts (moderately wounded, 67% to hit)
The zap hits the kobold brigand but does no damage.
The kobold brigand is moderately wounded.
You barely miss the kobold brigand.
The kobold brigand is moderately wounded.
The kobold brigand completely misses you.
You hit the kobold brigand. You drain the kobold brigand.
The kobold brigand is severely wounded.
The kobold brigand hits you with a +0 war axe!
You die...

###'### ##..K..##
#...8...# #∩!....∩#
##.....##
####'''####
##≈.......≈##
#####≈≈.......≈≈####
#..@K≈≈.......≈≈....
#)###≈≈.......≈≈###.
#o...≈≈.......≈≈...o
#.###≈≈.......≈≈###.
#....≈≈.......≈(.)).
#.###≈≈.......≈≈###.
#....≈≈...).)K≈≈....
#.###≈≈.......≈≈###.
#....≈≈.......≈≈....


You could see a kobold brigand (drained).

Vanquished Creatures
  3 yaks (D:5)
  A water moccasin (D:5)
  Duvessa (D:6)
  5 orc warriors (Bailey)
  3 ogres
  A centaur (D:6)
  4 kobold brigands (Bailey)
  A bullfrog (D:7)
  4 scorpions
  Dowan (D:6)
  A wyvern skeleton (D:6)
  5 wights (D:6)
  A bullfrog zombie (D:5)
  2 hounds
  A jelly (D:5)
  A bullfrog skeleton (D:5)
  An orc wizard (D:3)
  2 hound zombies (D:3)
  3 hound skeletons (D:3)
  A howler monkey zombie (D:4)
  3 gnolls (D:6)
  4 adders
  A white imp (D:5)
  2 ufetubi (D:7)
  An adder zombie (D:3)
  2 adder skeletons
  2 worms
  6 dart slugs
  11 orcs
  3 endoplasms
  2 giant cockroaches
  8 goblins
  5 hobgoblins
  3 jackals (D:3)
  3 quokkas
  4 ball pythons
  A ball python skeleton (D:3)
  A ball python zombie (D:3)
  6 bats
  5 frilled lizards
  11 kobolds
  5 rats
131 creatures vanquished.

Notes
Turn   | Place    | Note
-------+----------+-------------------------------------------
     0 | D:1      | jiml777 the Gargoyle Air Elementalist began the quest for
                  | the Orb.
     0 | D:1      | Reached XP level 1. HP: 10/10 MP: 3/3
   414 | D:1      | Reached XP level 2. HP: 15/15 MP: 5/5
   774 | D:1      | Reached XP level 3. HP: 13/20 MP: 6/6
  1747 | D:2      | Found a faded altar of an unknown god.
  1767 | D:2      | Prayed at the altar of an unknown god.
  1767 | D:2      | Became a worshipper of Qazlal Stormbringer
  1767 | D:2      | Reached * piety under Qazlal
  1835 | D:2      | Reached skill level 1 in Long Blades
  2368 | D:3      | Reached XP level 4. HP: 11/24 MP: 0/7
  2694 | D:3      | Reached skill level 1 in Fighting
  2709 | D:3      | Reached skill level 1 in Armour
  2709 | D:3      | Reached XP level 5. HP: 19/29 MP: 1/8
  2819 | D:3      | Found a radiant altar of Vehumet.
  2835 | D:3      | Noticed an ogre
  2862 | D:3      | Killed an ogre
  2863 | D:3      | Reached skill level 1 in Invocations
  2940 | D:3      | Reached ** piety under Qazlal
  2954 | D:3      | Reached XP level 6. HP: 34/34 MP: 10/10
  3392 | D:4      | Reached skill level 1 in Maces & Flails
  3715 | D:4      | Found Guskob's General Store.
  3720 | D:4      | Bought the +1 pair of gloves "Keap Vym" {MP-9 Str+5} for 95
                  | gold pieces
  4028 | D:5      | Entered Level 5 of the Dungeon
  4073 | D:5      | Identified the +6 short sword "Moawn" {drain, Str+4}
  4119 | D:5      | Reached XP level 7. HP: 40/40 MP: 2/11
  4975 | D:5      | Noticed a yak
  4976 | D:5      | Noticed a yak
  4976 | D:5      | Noticed a yak
  5011 | D:5      | Killed a yak
  5011 | D:5      | Reached *** piety under Qazlal
  5012 | D:5      | Reached skill level 1 in Short Blades
  5014 | D:5      | Killed a yak
  5015 | D:5      | Reached XP level 8. HP: 22/46 MP: 0/13
  5016 | D:5      | Killed a yak
  5389 | D:5      | Found a shimmering blue altar of Sif Muna.
  5974 | D:6      | Noticed Dowan
  5976 | D:6      | Noticed Duvessa
  5992 | D:6      | Killed Dowan
  5996 | D:6      | HP: 2/48 [Duvessa/+0 short sword (13)]
  6000 | D:6      | Killed Duvessa
  6302 | D:6      | Found an iron altar of Okawaru.
  6369 | D:6      | Noticed Brotato's ghost (novice GnFi)
  6372 | D:6      | Found a transporter.
  6387 | D:6      | Found a transporter.
  6416 | D:6      | Found a staircase to the Ecumenical Temple.
  6672 | D:6      | Found a shadowy altar of Dithmenos.
  6676 | D:6      | Identified the +1 robe "Ciarch" {rC- Str+5}
  6725 | D:6      | Reached skill level 1 in Shields
  6725 | D:6      | Reached XP level 9. HP: 34/52 MP: 11/15
  6885 | D:6      | Found a glowing golden altar of the Shining One.
  7022 | D:6      | Found a broken altar of Ashenzari.
  7515 | D:7      | Found a flagged portal.
  7520 | Bailey   | Entered a bailey
  7686 | Bailey   | Learned a level 4 spell: Airstrike
  7692 | Bailey   | Learned a level 5 spell: Lightning Bolt
  7743 | Bailey   | Reached skill level 5 in Spellcasting
  7748 | Bailey   | HP: 2/53 [kobold brigand/+0 war axe (7)]
  7783 | Bailey   | Reached skill level 5 in Invocations
  7804 | Bailey   | HP: 1/53 [kobold brigand/+0 war axe (7)]
  7810 | Bailey   | Slain by a kobold brigand

Illustrated notes

Levels and vault maps discovered:
D:1:      dpeg_arrival_simpleton_a, layout_loops_ring, minmay_heptomino_h4
D:2:      layout_loops_ring, hellmonk_ecumenical_altar_pennies_from_heaven
D:3:      layout_rooms, lemuel_doored_altar, serial_undead, serial_undead_d,
          serial_undead_d, serial_undead_a, serial_undead_c, serial_undead_a,
          serial_undead_f, serial_undead_d
D:4:      layout_rooms, serial_shops, nicolae_shop_hallway_plus, hex_medium
D:5:      layout_basic, led_sif_pool, minmay_misc_feat_cross
D:6:      layout_basic, nicolae_tso_swordbearing_angel, evilmike_ruin_ashenzari,
          nicolae_dithmenos_shadow_blocks, mainiacjoe_overflow_six_doors_small,
          temple_fountains, gammafunk_ghost_arena, uniq_duvessa
D:7:      layout_loops_ring, mainiacjoe_overflow_catwalk, enter_bailey_3
Bailey:   bailey_axe_3, bailey

Skill      XL: |  1  2  3  4  5  6  7  8  9 |
---------------+----------------------------+-----
Long Blades    | 1 |  1.6
Dodging        | 2 3 |  3.3
Air Magic      | 3 4 |  4.7
Fighting       | 1 2 3 4 |  4.9
Armour         | 1 2 3 4 |  4.5
Invocations    | 1 2 3 4 5 |  5.1
Maces & Flails | 1 |  1.8
Conjurations   | 2 3 |  3.6
Spellcasting   | 3 4 5 |  5.1
Short Blades   | 1 2 3 |  3.0
Shields        | 1 |  1.5
Stealth        | |  2.4

Action                   |  1- 3 |  4- 6 |  7- 9 || total
-------------------------+-------+-------+-------++-------
Melee: Long sword        |   120 |    18 |       ||   138
       Punch             |     2 |     3 |     4 ||     9
       Whip              |       |   113 |       ||   113
       Short sword       |       |     4 |   155 ||   159
 Cast: Shock             |     7 |    20 |    75 ||   102
  Use: Scroll            |       |     9 |     9 ||    18
       Potion            |       |       |     7 ||     7
 Stab: Sleeping          |     4 |       |       ||     4
Armor: Robe              |    10 |       |    34 ||    44
       Leather armour    |    65 |    71 |    16 ||   152
Dodge: Dodged            |    79 |   104 |   116 ||   299
Block: Other             |     4 |    11 |    28 ||    43
